 Dungeon Crawl Stone Soup version 0.27-a0-860-gaf99fae3ca (webtiles) character file.

Game seed: 6839718281591379634

23 Zeld the Conjurer (level 3, -3/26 HPs)
             Began as a Human Conjurer on Apr 1, 2021.
             Slain by Sigmund
             ... wielding a +0 scythe of protection
              (8 damage)
             ... on level 2 of the Dungeon.
             The game lasted 00:01:02 (1904 turns).

Zeld the Conjurer (Human Conjurer)                  Turns: 1904, Time: 00:01:02

Health: -3/26      AC:  2    Str:  7    XL:     3   Next: 10%
Magic:  3/6        EV: 12    Int: 19    God:
Gold:   52         SH:  0    Dex: 11    Spells: 3/6 levels left

rFire    . . .     SeeInvis .   (no weapon)
rCold    . . .     Faith    .   (no shield)
rNeg     . . .     Spirit   .   a - +0 robe
rPois    .         Reflect  .   (no helmet)
rElec    .         Harm     .   (no cloak)
rCorr    .         Rampage  .   (no gloves)
Will     .....                  (no boots)
Stlth    ++........             d - amulet of regeneration
HPRegen  1.08/turn              (no ring)
MPRegen  0.10/turn              (no ring)

@: no status effects
A: no striking features
a: no special abilities


You were on level 2 of the Dungeon.
You visited 1 branch of the dungeon, and saw 3 of its levels.

You collected 52 gold pieces.

Inventory:

Armour
 a - a +0 robe (worn)
Jewellery
 d - an amulet of regeneration (around neck)
Scrolls
 b - a scroll of amnesia {unknown}
 e - 2 scrolls of identify {unknown}
Potions
 c - a potion of heal wounds {unknown}


   Skills:
 * Level 1.2 Fighting
 - Level 2.0 Dodging
 - Level 2.0 Stealth
 * Level 2.4 Spellcasting
 * Level 4.3 Conjurations


You had 3 spell levels left.
You knew the following spells:

 Your Spells              Type           Power      Damage    Failure   Level
a - Magic Dart            Conj           72%        1d6       2%          1
b - Searing Ray           Conj           36%        3d4       4%          2

Your spell library contained the following spells:

 Spells                   Type           Power      Damage    Failure   Level
 Dazzling Flash           Conj/Hex       20%        N/A       21%         3
 Fulminant Prism          Conj/Hex       5%         3d7       54%         4
 Iskenderun's Mystic Bla  Conj/Tloc      10%        2d4       54%         4


Dungeon Overview and Level Annotations

Branches:
Dungeon (3/15)

Altars:

Annotations:
D:2 Sigmund


Message History

Deactivating autopickup; reactivate with Ctrl-A.
A magic dart appears from out of thin air!
The magic dart hits you. Something barely misses you. Something hits you!
Ouch! That really hurt!
* * * LOW HITPOINT WARNING * * *
You climb downwards.
Reactivating autopickup.
There is a stone staircase leading up here.
You start resting.
HP restored.
You start resting.
Magic restored.
You start waiting.
Done waiting.
You start waiting.
Done waiting.
You start waiting.
Done waiting.
You climb upwards.
Level annotation: Sigmund Sigmund hits you from afar with a +0 scythe of protection.
Sigmund points at you and mumbles some strange words.
The magic dart hits you.
There is a stone staircase leading down, spattered with blood here.
Casting: Searing Ray (safe; 4% risk of failure)
Confirm with . or Enter, or press ? or * to list all spells.
Aiming: Searing Ray (safe; 4% risk of failure)
Press: ? - help, Shift-Dir - straight line, f - Sigmund
Aim: Sigmund, wielding a +0 scythe of protection and wearing a +0 robe (25% to evade)
The searing ray hits Sigmund.
Sigmund is lightly wounded. (Press . to maintain the ray.) Sigmund hits you from afar with a +0 scythe of protection!
* * * LOW HITPOINT WARNING * * *
The searing ray hits Sigmund but does no damage.
Sigmund is lightly wounded.
Sigmund hits you from afar with a +0 scythe of protection!
You die...

# ###
..##############
#..............#
##############.#####
# #..@..#
#####@.......
......... ####......
.##.## ## #


You could see Sigmund.

Vanquished Creatures
  An adder (D:2)
  2 dart slugs (D:1)
  A bat (D:1)
  A giant cockroach (D:3)
  A quokka (D:1)
  A ball python (D:1)
  A frilled lizard (D:1)
  2 goblins
  2 rats
12 creatures vanquished.

Notes
Turn   | Place    | Note
-------+----------+-------------------------------------------
     0 | D:1      | Zeld the Human Conjurer began the quest for the Orb.
     0 | D:1      | Reached XP level 1. HP: 13/13 MP: 3/3
   182 | D:1      | Found a faded altar of an unknown god.
   400 | D:1      | Reached XP level 2. HP: 18/20 MP: 0/5
   403 | D:1      | Learned a level 2 spell: Searing Ray
  1021 | D:2      | Reached skill level 1 in Fighting
  1021 | D:2      | Reached XP level 3. HP: 26/26 MP: 2/6
  1090 | D:2      | Noticed Sigmund
  1904 | D:2      | Slain by Sigmund

Illustrated notes

Levels and vault maps discovered:
D:1:      saegor_arrival_miasma, layout_basic, basic_ecumenical_altar,
          minmay_crystal_water
D:2:      layout_rooms, uniq_sigmund
D:3:      layout_loops_ring, nicolae_overflow_crystal_walls, uniq_terence

Skill      XL: |  1  2 |
---------------+-------+-----
Fighting       | 1 |  1.2
Dodging        | |  2.0
Stealth        | |  2.0
Spellcasting   | |  2.4
Conjurations   | |  4.3

Action                   || total
-------------------------++-------
Melee: Unarmed           ||     1
 Cast: Magic Dart        ||    25
       Searing Ray       ||     3
Armor: Robe              ||     1
Dodge: Dodged            ||     3

Table legend: (Time is in decaauts)
 A = Elapsed time spent in this place.
 B = Non-inter-level travel time spent in this place.
 C = Inter-level travel time spent in this place.
 D = Time resting spent in this place.
 E = Time spent auto-exploring this place.
 F = Levels seen in this place.
 G = Mean time per level.
                   A        B        C        D        E       F      G
               +--------+--------+--------+--------+--------+-----+--------+
         Total |   1906 |   1896 |     10 |    786 |   1037 |   3 |  635.3 |
       Dungeon |   1906 |   1896 |     10 |    786 |   1037 |   3 |  635.3 |
               +--------+--------+--------+--------+--------+-----+--------+

Top non-repeatable levels by time:
     D:1: 1019 daAuts
     D:3: 595 daAuts
     D:2: 291 daAuts
